 Dungeon Crawl Stone Soup version 0.28.0-1-gb440e238dd (webtiles) character file.

Game seed: 1276857691260216924

1148 Floobenga the Cleaver (level 8, -6/72 HPs)
             Began as a Deep Dwarf Chaos Knight on Feb 19, 2022.
             Was a Priest of Okawaru.
             Mangled by a centaur warrior (17 damage)
             ... on level 9 of the Dungeon.
             The game lasted 00:58:05 (1378 turns).

Floobenga the Cleaver (Deep Dwarf Chaos Knight)     Turns: 1378, Time: 00:58:06

Health: -6/72      AC:  7    Str: 21 (24) XL:     8   Next: 15%
Magic:  3/3        EV: 13    Int: 11 (13) God:    Okawaru [***...]
Gold:   99         SH:  0    Dex:  9 (12) Spells: 6/7 levels left

rFire   . . .      SeeInvis +   a - +0 hand axe (chaos)
rCold   . . .      Faith    .   (no shield)
rNeg    . . .      Spirit   .   b - +2 leather armour
rPois   .          Reflect  .   (no helmet)
rElec   .          Harm     .   v - +0 cloak
rCorr   .          Rampage  .   (no gloves)
Will    +....                   (no boots)
Stlth   ++........              (no amulet)
HPRegen 0.00/turn               s - ring of see invisible
MPRegen 0.08/turn               w - +6 ring of strength

@: brilliant, heroic
A: damage resistance, heal wounds, sense surroundings 1, no regeneration
a: Heal Wounds, Renounce Religion, Heroism


You were on level 9 of the Dungeon.
You worshipped Okawaru.
Okawaru was most pleased with you.
You visited 1 branch of the dungeon, and saw 9 of its levels.

You collected 202 gold pieces.
You spent 103 gold pieces at shops.

Inventory:

Hand Weapons
 a - a +0 hand axe of chaos (weapon)
 e - a +1 spear of venom
 m - a +0 hand axe
Missiles
 p - 40 stones
 t - a boomerang (quivered)
Armour
 b - a +2 leather armour (worn)
 f - a +0 buckler
 q - a +0 chain mail
 r - an orb of wrath
 v - a +0 cloak (worn)
Jewellery
 o - a ring of poison resistance
 s - a ring of see invisible (left hand)
 w - a +6 ring of strength (right hand)
Wands
 D - a wand of digging (5)
 V - a wand of flame (21)
Scrolls
 h - a scroll of fear {unknown}
 j - 2 scrolls of noise {unknown}
 x - a scroll of fog
 T - a scroll of teleportation
Potions
 c - a potion of degeneration
 d - a potion of magic {unknown}
 i - 2 potions of heal wounds
 n - a potion of cancellation
 u - a potion of lignification
 z - a potion of berserk rage {unknown}


   Skills:
 - Level 4.0(9.0) Fighting
 - Level 9.0(14.0) Axes
 + Level 3.3(8.3) Armour
 - Level 1.1(6.1) Dodging
 - Level 2.0 Translocations
 - Level 5.0 Invocations


You had 6 spell levels left.
You knew the following spells:

 Your Spells              Type           Power      Damage    Failure   Level
g - Apportation           Tloc           12%        N/A       17%         1

Your spell library contained the following spells:

 Spells                   Type           Power      Damage    Failure   Level
 Animate Skeleton         Necr           Unusable   N/A       N/A         1
 Summon Small Mammal      Summ           Unusable   N/A       N/A         1

Dungeon Overview and Level Annotations

Branches:
Dungeon (9/15)               Lair (0/6) D:8
 Temple: D:4-7          Orc: D:9-12

Altars:
Fedhas
Hepliaklqana
Okawaru
Ru
Sif Muna
Wu Jian
Zin
The Shining One

Shops:
D:5 *   D:7 *


Innate Abilities, Weirdness & Mutations

You are resistant to damage.
You can heal yourself by infusing magical energy.
You passively map a small area around you.
You do not regenerate.


Message History

The centaur warrior kicks you but does no damage.
You hit the centaur warrior.
The centaur warrior is severely wounded.
The centaur warrior closely misses you. The centaur warrior barely misses you.
You slash the centaur warrior!
The centaur warrior flickers and vanishes!
Something hits you!!
* * * LOW HITPOINT WARNING * * *
Something completely misses you. Something hits you!
* * * LOW HITPOINT WARNING * * *
Something barely misses you.
You feel much better. Something hits you but does no damage.
Something kicks you but does no damage. Something hits you but does no damage.
Something kicks you but does no damage.
You're wearing all the rings you can.
Remove which one? (? for menu, Esc to cancel) < or
o - a ring of poison resistance; > or
w - a +6 ring of strength You remove your ring of poison resistance.
Something hits you.
* * * LOW HITPOINT WARNING * * *
Something kicks you but does no damage.
s - a ring of see invisible (left hand)
The centaur warrior hits you!!
* * * LOW HITPOINT WARNING * * *
The centaur warrior kicks you but does no damage.
You feel much better. The centaur warrior hits you!
* * * LOW HITPOINT WARNING * * *
The centaur warrior barely misses you.
The centaur warrior hits you but does no damage.
The centaur warrior kicks you but does no damage.
You feel much better. The centaur warrior hits you.
The centaur warrior barely misses you. The centaur warrior hits you!!
The centaur warrior kicks you.
Unknown command.
Unknown command.
Unknown command.
Unknown command.
Unknown command.
Unknown command.
Unknown command.
It was a potion of brilliance.
You feel clever all of a sudden. The centaur warrior hits you!
* * * LOW HITPOINT WARNING * * *
The centaur warrior kicks you but does no damage.
The centaur warrior closely misses you. The centaur warrior kicks you.
* * * LOW HITPOINT WARNING * * *
The centaur warrior hits you!!
You die...
Xom bursts into laughter!

** , , , * *
, .. , * * *
#.####. *
Z......
...$.. ,
..!..
#########.!#*
, , , ,
......c@...#
, , ,
........<..#
*
#..######..#
#, ..# *
*.... * ,
..... *, **
*..#### , ,
.># , , , ,
,, ..# *


You could see a centaur warrior (berserk, invisible).

Vanquished Creatures
  A sky beast (D:6)
  A hornet zombie (D:7)
  A necrophage (D:6)
  A centaur (D:7)
  A phantom (D:3)
  A bullfrog (D:6)
  A killer bee (D:7)
  A howler monkey (D:4)
  2 centaur zombies
  A jelly (D:6)
  A hound (D:6)
  An orc priest (D:4)
  A gnoll shaman (D:4)
  3 orc wizards
  An iguana (D:6)
  A scorpion zombie (D:3)
  A killer bee zombie (D:5)
  2 howler monkey zombies (D:7)
  A howler monkey skeleton (D:7)
  3 adders
  9 gnolls
  A river rat (D:4)
  2 white imps
  An ufetubus (D:6)
  An adder skeleton (D:2)
  2 dart slugs
  21 orcs
  4 ball pythons
  5 endoplasms
  7 goblins
  A hobgoblin (D:2)
  7 kobolds
  2 bats
  2 frilled lizards (D:1)
  4 rats (D:3)
95 creatures vanquished.

Notes
Turn   | Place    | Note
-------+----------+-------------------------------------------
     0 | D:1      | Floobenga the Deep Dwarf Chaos Knight began the quest for
                  | the Orb.
     0 | D:1      | Reached XP level 1. HP: 20/20 MP: 1/1
    57 | D:1      | XOM: smoke on damage
   157 | D:1      | Reached XP level 2. HP: 14/27 MP: 2/2
   171 | D:2      | Reached skill level 4 in Axes
   191 | D:4      | Found an iron altar of Okawaru.
   198 | D:4      | Fell from the grace of Xom
   198 | D:4      | Became a worshipper of Warmaster Okawaru
   254 | D:3      | XOM: swap monsters
   311 | D:3      | Reached XP level 3. HP: 32/33 MP: 2/2
   366 | D:3      | Reached skill level 5 in Axes
   366 | D:3      | Reached skill level 3 in Fighting
   422 | D:2      | XOM: summons 1 hostile demon
   423 | D:2      | Noticed a chaos spawn
   454 | D:1      | Reached XP level 4. HP: 38/42 MP: 2/2
   485 | D:3      | Noticed a phantom
   501 | D:3      | Killed a phantom
   501 | D:3      | Reached * piety under Okawaru
   502 | D:3      | Reached skill level 6 in Axes
   502 | D:3      | Reached XP level 5. HP: 38/49 MP: 3/3
   544 | D:4      | XOM: 1-stop teleportation journey
   552 | D:4      | Found a blossoming altar of Fedhas.
   568 | D:4      | XOM: polymorph orc -> river rat
   574 | D:4      | Learned a level 1 spell: Apportation
   581 | D:4      | Reached skill level 7 in Axes
   598 | D:4      | Reached skill level 1 in Invocations
   604 | D:4      | Reached XP level 6. HP: 29/56 MP: 0/4
   619 | D:4      | Reached skill level 3 in Invocations
   702 | D:3      | Noticed a glowing shapeshifter
   702 | D:3      | an orc changed into a glowing shapeshifter
   702 | D:3      | Noticed a glowing orange brain
   702 | D:3      | a glowing shapeshifter changed into a glowing orange brain
   710 | D:3      | Noticed a steelbarb worm
   710 | D:3      | a glowing orange brain changed into a steelbarb worm
   712 | D:3      | Noticed a water nymph
   712 | D:3      | a steelbarb worm changed into a water nymph
   720 | D:3      | Noticed an elephant
   720 | D:3      | a water nymph changed into an elephant
   726 | D:4      | Noticed a mana viper
   726 | D:4      | an elephant changed into a mana viper
   728 | D:4      | Noticed a dream sheep
   728 | D:4      | a mana viper changed into a dream sheep
   733 | D:4      | Noticed a moth of wrath
   733 | D:4      | a dream sheep changed into a moth of wrath
   778 | D:5      | Entered Level 5 of the Dungeon
   806 | D:6      | Reached XP level 7. HP: 21/64 MP: 3/6
   808 | D:6      | Reached ** piety under Okawaru
   810 | D:6      | Reached skill level 8 in Axes
   991 | D:6      | Reached skill level 1 in Translocations
  1013 | D:5      | Found Jef Apepp's Assorted Antiques.
  1023 | D:5      | Bought a cloak for 103 gold pieces
  1163 | D:7      | Found Gisezxuh's General Store.
  1185 | D:7      | Found an ornate altar of the Wu Jian Council.
  1187 | D:7      | Found a sacrificial altar of Ru.
  1187 | D:7      | Found a shimmering blue altar of Sif Muna.
  1206 | D:7      | Reached skill level 9 in Axes
  1212 | D:7      | Found a hazy altar of Hepliaklqana.
  1213 | D:7      | Found a glowing golden altar of the Shining One.
  1217 | D:7      | Noticed a steam dragon
  1223 | D:7      | a steam dragon changed into a killer bee
  1250 | D:8      | Found a staircase to the Lair.
  1317 | D:7      | Reached XP level 8. HP: 45/72 MP: 1/5
  1328 | D:7      | Reached skill level 3 in Armour
  1339 | D:8      | Found a glowing silver altar of Zin.
  1355 | D:9      | Noticed a centaur warrior
  1365 | D:9      | Reached *** piety under Okawaru
  1375 | D:9      | HP: 1/72 [centaur warrior (17)]
  1378 | D:9      | Mangled by a centaur warrior

Illustrated notes

Levels and vault maps discovered:
D:1:      noname_arrival_rooms_in_the_neighbourhood, layout_loops_ring,
          basic_ecumenical_altar
D:2:      layout_loops_cross, nicolae_elevator_lobby_asterisk
D:3:      layout_rooms, grunt_temple_overflow_opulence,
          nicolae_dithmenos_the_darkroom, minmay_pentangle
D:4:      layout_cave_pools, okawaru_ov_weapons_minmay, fedhas_altar_2,
          minmay_goblin_kobold_house
D:5:      layout_cave_pools, serial_shops, shop_fountains, glass_columns_b,
          chequers_jeans, minmay_misc_feat_x
D:6:      layout_layer_cave, nicolae_benzene_ring
D:7:      layout_basic, grunt_temple_overflow_open,
          gammafunk_temple_overflow_statue, lemuel_temple_firewalk_b,
          serial_shops, nicolae_shop_waterfront
D:8:      minmay_the_grid_four_pointed_star
          [minmay_the_grid_triangle_9x9_thin_v,
          minmay_the_grid_triangle_9x9_from_above,
          minmay_the_grid_triangle_9x9_checkered,
          minmay_the_grid_triangle_9x9_zippers_vertical,
          minmay_the_grid_prize_four_corners_diamond_a], layout_basic,
          bloody_trog, mainiacjoe_overflow_chevrons, dpeg_oklobed_lair
D:9:      minmay_angry_zag, layout_small_grid, minivault_28, uniq_psyche

Skill      XL: |  1  2  3  4  5  6  7  8 |
---------------+-------------------------+-----
Axes           | 4 5 6 7 9 |  9.0
Fighting       | 3 4 |  4.0
Invocations    | 2 3 4 5 |  5.0
Translocations | 2 |  2.0
Armour         | 3 |  3.3
Dodging        | |  1.1

Action                   |  1- 3 |  4- 6 |  7- 9 || total
-------------------------+-------+-------+-------++-------
Melee: Hand axe          |    82 |   127 |   112 ||   321
       Punch             |       |     3 |     3 ||     6
Throw: Javelin           |       |     4 |       ||     4
       Throwing net      |       |     1 |       ||     1
 Cast: Apportation       |       |       |     3 ||     3
Invok: Heroism           |       |     4 |     3 ||     7
 Abil: Heal Wounds       |     2 |     6 |    13 ||    21
Evoke: Wand              |       |     4 |       ||     4
  Use: Scroll            |       |     4 |     2 ||     6
       Potion            |       |     1 |     3 ||     4
 Stab: Paralysed         |     1 |       |       ||     1
       Sleeping          |     1 |       |       ||     1
       Confused          |       |       |     2 ||     2
Armor: Leather armour    |    34 |    25 |    62 ||   121
Dodge: Dodged            |    59 |   106 |    87 ||   252
